 Dungeon Crawl Stone Soup version 0.28-b1-1-g3c77fb2ed1 (webtiles) character file.

Game seed: 18420388146786016462

2 RascalDebosk the Conjurer (level 1, 0/14 HPs)
             Began as a Draconian Conjurer on Jan 30, 2022.
             Frozen to death by an endoplasm (2 damage)
             ... on level 1 of the Dungeon.
             The game lasted 00:03:49 (84 turns).

RascalDebosk the Conjurer (Draconian Conjurer)        Turns: 84, Time: 00:03:49

Health: 0/14       AC:  4    Str:  9    XL:     1   Next: 33%
Magic:  0/3        EV: 12    Int: 18    God:
Gold:   21         SH:  0    Dex:  9    Spells: 3/4 levels left

rFire   . . .      SeeInvis .   (no weapon)
rCold   . . .      Faith    .   (no shield)
rNeg    . . .      Spirit   .   (armour unavailable)
rPois   .          Reflect  .   (helmet restricted)
rElec   .          Harm     .   (no cloak)
rCorr   .          Rampage  .   (no gloves)
Will    .....                   (no boots)
Stlth   ++........              (no amulet)
HPRegen 0.04/turn               (no ring)
MPRegen 0.08/turn               (no ring)

@: slowed, very slow
A: AC +4, unfitting armour, cold-blooded
a: no special abilities


You were on level 1 of the Dungeon.
You visited 1 branch of the dungeon, and saw 1 of its levels.

You collected 21 gold pieces.

Inventory:

Potions
 a - a potion of magic {unknown}


   Skills:
 + Level 0.1 Fighting
 + Level 1.8 Dodging
 + Level 1.8 Stealth
 + Level 0.2 Shields
 + Level 2.0 Spellcasting
 + Level 4.0 Conjurations


You had 3 spell levels left.
You knew the following spells:

 Your Spells              Type           Power      Damage    Failure   Level
a - Magic Dart            Conj           64%        1d6       3%          1

Your spell library contained the following spells:

 Spells                   Type           Power      Damage    Failure   Level
 Searing Ray              Conj           32%        2d5       5%          2
 Dazzling Flash           Conj/Hex       18%        N/A       24%         3
 Fulminant Prism          Conj/Hex       4%         3d6       61%         4
 Iskenderun's Mystic Bla  Conj/Tloc      9%         2d4       61%         4


Dungeon Overview and Level Annotations

Branches:
Dungeon (1/15)

Altars:


Innate Abilities, Weirdness & Mutations

Your plain brown scales are hard. (AC +4)
You cannot fit into any form of body armour.
You are cold-blooded and may be slowed by cold attacks.


Message History

A bat comes into view.
An endoplasm comes into view.
The endoplasm quivers.
The bat barely misses you.
Aiming: Magic Dart (safe; 3% risk of failure)
Press: ? - help, Q - select action Shift-Dir - straight line, f/p - kobold
Aim: a kobold, wielding a +0 short sword (100% to hit)
The magic dart hits the kobold.
You kill the kobold!
The bat closely misses you. The bat closely misses you.
A giant cockroach comes into view.
Found a fuming brown potion.
The bat barely misses you. The endoplasm barely misses you.
The bat hits you but does no damage. The bat barely misses you.
The bat closely misses you. x2; The bat completely misses you.
The endoplasm freezes you.
You are frozen.
You feel yourself slow down.
A bat comes into view.
The bat barely misses you. The bat misses you.
Aiming: Magic Dart (safe; 3% risk of failure)
Press: ? - help, Q - select action Shift-Dir - straight line, f - bat
Aim: a bat (100% to hit)
The magic dart hits the bat but does no damage.
The bat barely misses you. x2; The frilled lizard bites you.
The endoplasm freezes you.
You are frozen.
You feel as though you will be slow longer.
The frilled lizard barely misses you. The bat hits you but does no damage.
The frilled lizard misses you. The endoplasm freezes you.
You are frozen.
* * * LOW HITPOINT WARNING * * *
The bat hits you but does no damage. The bat barely misses you. x2
The frilled lizard bites you but does no damage.
The endoplasm freezes you.
You are frozen.
You die...

### #.#.# .....
#.#.# ##.#.##.#.#
...!......#########
...................
#.####.#.#.######
#.##....B#.###
.......gJl....#
###.....b@###+#
#......b#
.........##
.#########)#
...###..# ....g...#
...###..# . #..#
##..#


You could see an endoplasm, a giant cockroach, a hobgoblin, 2 bats and a frilled
lizard.

Vanquished Creatures
  2 kobolds (D:1)
  A bat (D:1)
3 creatures vanquished.

Notes
Turn   | Place    | Note
-------+----------+-------------------------------------------
     0 | D:1      | RascalDebosk the Draconian Conjurer began the quest for the
                  | Orb.
     0 | D:1      | Reached XP level 1. HP: 14/14 MP: 3/3
    84 | D:1      | Frozen to death by an endoplasm

Illustrated notes

Levels and vault maps discovered:
D:1:      minmay_arrival_open_corners, layout_basic, kennysheep_small_spiral,
          minmay_misc_feat_four_crosses

Action                   || total
-------------------------++-------
 Cast: Magic Dart        ||     7
Armor: Skin              ||     4
Dodge: Dodged            ||    18
